[Event "NJSK 2026 Jeugd C"]
[Site "Helmond, Netherlands"]
[Date "2026.04.27"]
[Round "3.4"]
[White "Thijssen, Freek"]
[Black "Leenen, Boyd"]
[Result "1-0"]
[TimeControl "90min/40moves + 30sec/move"]
[WhiteTitle "-"]
[BlackTitle "-"]
[WhiteFideId "1091840"]
[BlackFideId "1083937"]
[WhiteElo "2159"]
[BlackElo "2205"]

1. e4 e5 2. Nf3 Nc6 3. Bc4 Nf6 4. d3 Bc5 5. c3 d6 6. O-O a5 7. Re1 O-O 8. h3 Ba7 9. Nbd2 Be6 10.
Bb5 Ne7 11. d4 Ng6 12. Ba4 c6 13. Bc2 Nh5 14. Nf1 Nhf4 15. Ng3 f6 16. Nf5 Qd7 17. N5h4 Rad8 18. Nxg6 Nxg6 19. Be3 exd4 20.
cxd4 d5 21. e5 Bb8 22. Bd2 Bc7 23. b4 axb4 24. Bxb4 Rfe8 25. Qd3 fxe5 26. Nxe5 Bxe5 27. dxe5 b6 28. Bd6 Ra8 29. f4 Rf8 30.
Bxf8 Rxf8 31. h4 Bf5 32. Qd2 Bxc2 33. e6 Qd6 34. Qxc2 Rxf4 35. h5 Ne5 36. Qc3 d4 37. Qb3 Kf8 38.
Qxb6 Ke7 39. Rf1 Rxf1+ 40. Rxf1 d3 41. Qf2 Kxe6 42.
h6 gxh6 43. Qf6+ Kd5 44. Qxd6+ Kxd6 45. Kf2 c5 46. Ke3 Kd5 47. Rf8 c4 48. Kd2 Ng4 49. a4 Kc5 50. a5 Kb5 51. Rf4 c3+ 52. Kxc3 Ne3 53. Kxd3 Nxg2 54.
Re4 h5 55. Ke2 h4 56. Kf3 h3 57. Kg3 1-0

[Event "NJSK 2026 Jeugd C"]
[Site "Helmond, Netherlands"]
[Date "2026.04.27"]
[Round "3.5"]
[White "Botter, Simon"]
[Black "Zhang, Xiheng"]
[Result "1/2-1/2"]
[TimeControl "90min/40moves + 30sec/move"]
[WhiteTitle "-"]
[BlackTitle "-"]
[WhiteFideId "40107698"]
[BlackFideId "40102386"]
[WhiteElo "1988"]
[BlackElo "2135"]

1. Nf3 Nf6 2. g3 g6 3. Bg2 Bg7 4. O-O O-O 5. c4 d6 6. Nc3 Nc6 7. d3 e5 8. Rb1 a5 9. a3 Nd4 10.
b4 axb4 11. axb4 Nxf3+ 12. Bxf3 c6 13. Qb3 Be6 14. b5 d5 15. Rd1 h6 16. Bg2 Qd7 17. Na4 Qd8 18. Nc5 Bc8 19. bxc6 bxc6 20.
Qb6 Qd6 21. f4 Ng4 22. cxd5 exf4 23. Ne4 Qe5 24. Bxf4 Qd4+ 25. e3 Qxb6 26. Rxb6 cxd5 27. Nf2 Nxf2 28. Kxf2 Ra2+ 29. Kg1 Be6 30.
d4 Rc8 31. Rb8 Rxb8 32. Bxb8 Rb2 33. Bd6 Bf8 34. Bxf8 Kxf8 35. h3 h5 36. h4 Ke7 37. Bf3 Rb3 38. Re1 Rb2 39. Re2 Rb1+ 40.
Kg2 Kd6 41. Ra2 Kd7 42. Kf2 Kd6 43. e4 dxe4 44. Ra6+ Kd5 45. Ra5+ Kxd4 46. Ra4+ Ke5 47. Rxe4+ Kf6 48. Re1 Rb2+ 49.
Re2 Rb3 50. Re3 Rb2+ 51. Re2 Rxe2+ 52. Bxe2 Bg4 53. Bc4 Be6 54. Be2 Ke5 55. Ke3 Bg4 56. Bc4 f6 57. Ba6 g5 58. hxg5 fxg5 59.
Bb7 Bf5 60. Bf3 h4 61. gxh4 gxh4 62. Bg2 h3 63. Bxh3 Bxh3 1/2-1/2

[Event "NJSK 2026 Jeugd C"]
[Site "Helmond, Netherlands"]
[Date "2026.04.27"]
[Round "3.6"]
[White "Lenting, Roan"]
[Black "Omnes, Tiago"]
[Result "1-0"]
[TimeControl "90min/40moves + 30sec/move"]
[WhiteTitle "-"]
[BlackTitle "-"]
[WhiteFideId "1085905"]
[BlackFideId "1091867"]
[WhiteElo "1986"]
[BlackElo "1990"]

1. e4 e5 2. Nf3 Nc6 3. Bb5 a6 4. Ba4 Nf6 5. O-O Be7 6. Re1 b5 7. Bb3 O-O 8. h3 Bb7 9. c3 d6 10.
d4 Re8 11. Nbd2 Bf8 12. Bc2 Qd7 13. a4 Rad8 14. axb5 axb5 15. d5 Ne7 16. b3 c5 17. b4 Ng6 18. Nb3 Qc7 19. Na5 Ba8 20.
bxc5 dxc5 21. c4 b4 22. Bg5 Rd6 23. Ba4 Red8 24. Bb5 h6 25. Bd2 Nd7 26. Qc2 Ne7 27. Qb2 f6 28. Rec1 Kh7 29.
Nb3 Rb6 30. Ra5 Ng6 31. Bxd7 Qxd7 32. Nxc5 Bxc5 33. Rxc5 Nf4 34. Bxf4 exf4 35. Ra5 Rbb8 36. Nd4 Rdc8 37. c5 Re8 38.
f3 b3 39. c6 Qd6 40. Ra7 Rbc8 41. Nf5 Qf8 42. Qxb3 Rb8 43. Qc3 Rbc8 44. Rxg7+ Kh8 45. Rd7 Re5 46. Ra1 Bxc6 47. dxc6 Rc5 48.
Qd4 R5xc6 49. Raa7 Qg8 50. Rh7+ Qxh7 51. Rxh7+ Kxh7 52. Qd7+ 1-0

[Event "NJSK 2026 Jeugd C"]
[Site "Helmond, Netherlands"]
[Date "2026.04.27"]
[Round "3.7"]
[White "Uitermark, Imre"]
[Black "Lalkota, Sai Pranav Tejas"]
[Result "1-0"]
[TimeControl "90min/40moves + 30sec/move"]
[WhiteTitle "-"]
[BlackTitle "-"]
[WhiteFideId "40105199"]
[BlackFideId "1087690"]
[WhiteElo "1957"]
[BlackElo "1830"]

1. e4 e6 2. d4 d5 3. Nd2 dxe4 4. Nxe4 Nd7 5. Nf3 Ngf6 6. Nxf6+ Nxf6 7. Bd3 Bd6 8. c3 h6 9. Qe2 Bd7 10.
Ne5 Bxe5 11. Qxe5 Bc6 12. O-O O-O 13. Bd2 Qd6 14. Bxh6 Qxe5 15. dxe5 Nd7 16. Bf4 Nc5 17. Bc2 Rad8 18.
Rad1 Na4 19. Bxa4 Bxa4 20. b3 Bc6 21. c4 b5 22. cxb5 Bxb5 23. Rfe1 Be2 24. Rc1 Bb5 25. Rxc7 Rd7 26.
Rxd7 Bxd7 27. Rc1 Rc8 28. Rxc8+ Bxc8 29. Be3 a6 30. Kf1 Kf8 31. Ke2 Ke7 32. Kd3 Bb7 33. g3 Bf3 34. Kc4 Kd7 35.
Kc5 Kc7 36. Bd2 Be4 37. Ba5+ Kb7 38. Kd6 g5 39. h4 gxh4 40. gxh4 Bg6 41. Ke7 Kc6 42. Kf6 Kd5 43. Bc3 Ke4 44.
Kg5 Kf3 45. h5 Bf5 46. h6 Kxf2 47. Kf6 Ke3 48. Kg7 Kd3 49. Ba1 Kc2 50. h7 Bxh7 51. Kxh7 Kb1 52. Bd4 Kxa2 53. Kg7 Kxb3 54.
Kxf7 Kc4 55. Ba1 Kd5 56. Kf6 a5 57. Ke7 a4 58. Kf6 1-0

[Event "NJSK 2026 Jeugd C"]
[Site "Helmond, Netherlands"]
[Date "2026.04.27"]
[Round "3.8"]
[White "Shaikh, Rushaan"]
[Black "Ngangbam, Chingthang"]
[Result "1/2-1/2"]
[TimeControl "90min/40moves + 30sec/move"]
[WhiteTitle "-"]
[BlackTitle "-"]
[WhiteFideId "40113604"]
[BlackFideId "1086510"]
[WhiteElo "1842"]
[BlackElo "1937"]

1. d4 Nf6 2. Bg5 d5 3. Bxf6 exf6 4. e3 Bd6 5. c4 dxc4 6. Bxc4 O-O 7. Nf3 c6 8. O-O Nd7 9. Nc3 f5 10.
Qc2 Qc7 11. Bd3 g6 12. Rac1 a6 13. Na4 Nf6 14. h3 Be6 15. Bc4 Bxc4 16. Qxc4 Ne4 17. Nc5 b5 18. Qc2 Bxc5 19. dxc5 Rad8 20.
Rfd1 Qe7 21. Nd2 a5 22. Nxe4 fxe4 23. a3 Qe5 24. Rd6 Rxd6 25. cxd6 Rd8 26. Qxc6 Rxd6 27. Qa8+ Kg7 28. Qxa5 Qxb2 29.
Qc3+ Qxc3 30. Rxc3 Rd2 31. Rb3 Rd5 32. Rb4 f5 33. a4 bxa4 34. Rxa4 Rd2 35. Ra7+ Kh6 36. Re7 g5 37. g4 Kg6 38.
Re6+ Kf7 39. gxf5 Rd5 40. Rxe4 Rxf5 41. Kg2 Kf6 42. f3 Ra5 43. h4 h6 44. hxg5+ hxg5 45. Rc4 Ra1 46. Rc6+ Kf5 47.
e4+ Kf4 48. Rf6+ Ke3 49. Rf5 g4 50. e5 gxf3+ 51. Rxf3+ Kd4 52. Rf5 Re1 53. Kf3 Rxe5 54. Rxe5 Kxe5 55. Ke4+ 1/2-1/2

[Event "NJSK 2026 Jeugd C"]
[Site "Helmond, Netherlands"]
[Date "2026.04.27"]
[Round "3.9"]
[White "Brorens, Victor"]
[Black "Okita, Ryoga"]
[Result "0-1"]
[TimeControl "90min/40moves + 30sec/move"]
[WhiteTitle "-"]
[BlackTitle "-"]
[WhiteFideId "1095307"]
[BlackFideId "1090666"]
[WhiteElo "1911"]
[BlackElo "1812"]

1. e4 c5 2. c3 d5 3. exd5 Qxd5 4.
d4 Nc6 5. Nf3 Bf5 6. Be2 cxd4 7. cxd4 Bxb1 8. Rxb1 e6 9. a3 Nf6 10. O-O Be7 11. Qc2 O-O 12. Rd1 Rac8 13. Bc4 Qd6 14.
Qe2 Rfd8 15. Bg5 Nd5 16. Bxe7 Ncxe7 17. Rbc1 Nc6 18. Bxd5 Qxd5 19. Kh1 Rc7 20. Rc5 Qd6 21. g3 Rcd7 22.
Qe4 f5 23. Qc2 h6 24. Qc4 Kh7 25. Rd2 Qe7 26. b4 Qf6 27. Ne5 Rxd4 28. Rxd4 Rxd4 29. Qe2 Re4 30. Qb5 Nxe5 31. Qxb7 Nd3 32.
Rc7 Nxf2+ 33. Kg2 Ng4 34. Qxa7 Re2+ 35. Kf1 Rf2+ 0-1

[Event "NJSK 2026 Jeugd C"]
[Site "Helmond, Netherlands"]
[Date "2026.04.27"]
[Round "3.10"]
[White "Mendelsohn, Saffran"]
[Black "Nadrshin, Oleg"]
[Result "0-1"]
[TimeControl "90min/40moves + 30sec/move"]
[WhiteTitle "-"]
[BlackTitle "-"]
[WhiteFideId "40108996"]
[BlackFideId "40111873"]
[WhiteElo "1767"]
[BlackElo "1894"]

1. e4 c5 2. Nf3 Nc6 3. Bb5 Nf6 4. d3 Qa5+ 5. Nc3 Nd4 6. Bc4 b5 7. Bb3 Nxb3 8. cxb3 e6 9. e5 Nd5 10.
Bd2 Nxc3 11. bxc3 Bb7 12. O-O Be7 13. c4 Qb6 14. Qe2 O-O 15. Bc3 f6 16. Nd2 Qc6 17. f3 b4 18. Bb2 f5 19.
a3 a5 20. Rad1 Kh8 21. Nb1 Rg8 22. a4 g5 23. d4 cxd4 24. Bxd4 g4 25. Nd2 Bg5 26. f4 Be7 27. Rfe1 Rg6 28.
Nf1 Bh4 29. Ng3 Bxg3 30. hxg3 h5 31. Be3 Rh6 32. Rd6 Qc8 33. Red1 Bc6 34. Bf2 Qb7 35. Be3 h4 36. gxh4 Rxh4 37.
Qf2 Rh5 38. Qg3 Kg7 39. Kf2 Rah8 40. Kf1 Rh1+ 41. Bg1 Qa7 42. Qf2 Qb7 43. Ke2 Kg6 44. Qb6 Bf3+ 45. gxf3 Qxf3+ 46. Kd2 R8h2+ 47. Bxh2 Rxd1+ 48. Kc2 Qe2+ 0-1

[Event "NJSK 2026 Jeugd C"]
[Site "Helmond, Netherlands"]
[Date "2026.04.27"]
[Round "3.12"]
[White "Tkacenko, Kostia"]
[Black "Huang, Vincent"]
[Result "0-1"]
[TimeControl "90min/40moves + 30sec/move"]
[WhiteTitle "-"]
[BlackTitle "-"]
[WhiteFideId "40120708"]
[BlackFideId "40104184"]
[WhiteElo "1552"]
[BlackElo "1855"]

1. e4 c5 2. Nf3 d6 3. d4 cxd4 4.
Nxd4 Nf6 5. Nc3 g6 6. Be2 Bg7 7. Be3 O-O 8. Qd2 Nc6 9. O-O-O a6 10. Nxc6 bxc6 11. Bh6 Qb6 12. Bxg7 Kxg7 13.
Rdf1 Rb8 14. b3 Qb4 15. f3 e5 16. h4 Nh5 17. Qe1 h6 18. Nb1 Qb7 19. Nc3 Be6 20. g3 Qb6 21. Nd1 Qc5 22.
Kb1 a5 23. f4 a4 24. Bxh5 axb3 25. axb3 Bxb3 26. cxb3 Rxb3+ 27. Nb2 Rxb2+ 28. Kxb2 Rb8+ 29. Ka2 Qa7+ 30. Qa5 Qxa5# 31. Ra1 0-1

[Event "NJSK 2026 Jeugd C"]
[Site "Helmond, Netherlands"]
[Date "2026.04.27"]
[Round "3.13"]
[White "Gupta, Akul"]
[Black "Nair, Pranav Prasobh"]
[Result "1-0"]
[TimeControl "90min/40moves + 30sec/move"]
[WhiteTitle "-"]
[BlackTitle "-"]
[WhiteFideId "1084194"]
[BlackFideId "40109135"]
[WhiteElo "2017"]
[BlackElo "1747"]

1. d4 Nf6 2. Nc3 d5 3. Bf4 c5 4.
e4 Nxe4 5. Nxe4 dxe4 6. dxc5 Nd7 7. b4 e5 8. Be3 Be7 9. Qd5 f5 10. Bc4 Rf8 11. f4 exf4 12. Bxf4 Nf6 13. Bb5+ Bd7 14.
Qxb7 Bxb5 15. Qxb5+ Qd7 16. Qxd7+ Kxd7 17. O-O-O+ Kc6 18. Ne2 Nd5 19. Nd4+ Kb7 20. Ne6 Rf6 21. Rxd5 Rxe6 22. c4 g5 23.
Rd7+ Ka6 24. Bc7 Kb7 25. Bd6+ Kc8 26. Rxe7 Rxe7 27. Bxe7 Kd7 28. Bxg5 Rg8 29. Rd1+ Ke6 30. c6 Rc8 31.
b5 a6 32. Rd8 Rc7 33. Bf4 Rg7 34. c7 Rxg2 35. c8=Q+ 1-0

[Event "NJSK 2026 Jeugd C"]
[Site "Helmond, Netherlands"]
[Date "2026.04.27"]
[Round "3.14"]
[White "Huang, Ziyang"]
[Black "Ozbek, Ahmet Naim"]
[Result "1-0"]
[TimeControl "90min/40moves + 30sec/move"]
[WhiteTitle "-"]
[BlackTitle "-"]
[WhiteFideId "40105288"]
[BlackFideId "40101975"]
[WhiteElo "1721"]
[BlackElo "1869"]

1. e4 e5 2. Nf3 Nc6 3. Bb5 a6 4. Ba4 Nf6 5. O-O Be7 6. Re1 b5 7. Bb3 d6 8. c3 O-O 9. d4 Bg4 10.
d5 Na5 11. Bc2 c6 12. dxc6 Qc7 13. Bg5 Qxc6 14. Bxf6 Bxf3 15. Qxf3 Bxf6 16. Nd2 Rad8 17. Rad1 Bg5 18. Nf1 Bf4 19. Ne3 Bxe3 20. Qxe3 Nc4 21.
Qc1 a5 22. Bb3 Nb6 23. Bd5 Qc7 24. Re3 Kh8 25. Rh3 f6 26. Qe3 h6 27. Rd3 f5 28. exf5 Rxf5 29. Be4 Rf6 30. Qg5 Rdf8 31.
Rdg3 Qa7 32. Bg6 Kg8 33. Rxh6 gxh6 34. Bf7+ Kxf7 35. Qg7+ Ke6 36. Qxa7 Rxf2 37. Rf3 R2xf3 38. gxf3 Nc4 39.
Qb7 Ne3 40. Kf2 Nd5 41. Qxb5 e4 42. Qc4 Rxf3+ 43. Kg2 Rf4 44. Qc8+ Ke7 45. Qb7+ Ke6 46. Qh7 Ne3+ 47. Kg3 Rf3+ 48.
Kh4 Ng2+ 49. Kh5 Rf5+ 50. Kxh6 Rf6 51. Kg5 Ne3 52. Qxe4+ 1-0

[Event "NJSK 2026 Jeugd C"]
[Site "Helmond, Netherlands"]
[Date "2026.04.27"]
[Round "3.15"]
[White "Roersma, Dylan"]
[Black "Nguyen, Paul"]
[Result "1/2-1/2"]
[TimeControl "90min/40moves + 30sec/move"]
[WhiteTitle "-"]
[BlackTitle "-"]
[WhiteFideId "1097393"]
[BlackFideId "1095072"]
[WhiteElo "1846"]
[BlackElo "1845"]

1. e4 e5 2. Nf3 Nc6 3. Bc4 Bc5 4.
c3 Nf6 5. d4 exd4 6. e5 d5 7. Bb5 Ne4 8. cxd4 Bb4+ 9. Bd2 Bxd2+ 10. Nbxd2 O-O 11. Bxc6 bxc6 12. Qc2 Nxd2 13. Nxd2 Qg5 14.
g3 Rb8 15. b3 Rb6 16. O-O Bf5 17. Qc3 Re8 18. Rac1 Re6 19. f4 Qh5 20. Rf2 f6 21. Nf3 Be4 22. Rcf1 Bxf3 23. Qxf3 Qxf3 24.
Rxf3 f5 25. Rc3 Kf7 26. Rc5 Ke7 27. Kf2 Rh6 28. h4 Re6 29. Rfc1 h5 30. R1c2 Kd7 31. Kf3 g6 32. Ke3 Kc8 33.
R2c3 Kb7 34. Kd3 Rb5 35. a4 Rb4 36. Ke3 a6 37. Rd3 Kb6 38. Kd2 Rxd4 39. Rxc6+ 1/2-1/2

[Event "NJSK 2026 Jeugd C"]
[Site "Helmond, Netherlands"]
[Date "2026.04.27"]
[Round "3.16"]
[White "Fu, Ziqing"]
[Black "Bajnath, Dhanesh"]
[Result "1/2-1/2"]
[TimeControl "90min/40moves + 30sec/move"]
[WhiteTitle "-"]
[BlackTitle "-"]
[WhiteFideId "40109623"]
[BlackFideId "40104842"]
[WhiteElo "1810"]
[BlackElo "1889"]

1. e4 e5 2. Nf3 Nc6 3. Nc3 Nf6 4. d4 exd4 5. Nxd4 Bb4 6.
Nxc6 bxc6 7. Bd3 O-O 8. O-O d5 9. exd5 cxd5 10. Bg5 c6 11. Qf3 Be7 12. h3 Be6 13. Ne2 Nd7 14. Bxe7 Qxe7 15.
Rfe1 Qf6 16. Qxf6 Nxf6 17. Nd4 Bd7 18. Bf5 Bxf5 19. Nxf5 Rfe8 20. Ne7+ Kf8 21. Nxc6 Rec8 22. Nd4 Rab8 23.
b3 a5 24. Rac1 Rc3 25. Re2 Ne4 26. Nf5 Rc5 27. a3 Rxb3 28. Rce1 Rxa3 29. f3 g6 30. Nh6 Kg7 31. Nxf7 Kxf7 32.
fxe4 dxe4 33. Rxe4 Rxc2 34. Re7+ Kf6 35. h4 Rc6 36.
Rxh7 Re6 37. Rf1+ Ke5 38. Re1+ Kd6 39. Rd1+ Kc5 40. Rhd7 1/2-1/2

[Event "NJSK 2026 Jeugd C"]
[Site "Helmond, Netherlands"]
[Date "2026.04.27"]
[Round "3.17"]
[White "Cubuk, Armin"]
[Black "De Wit, Jim"]
[Result "1/2-1/2"]
[TimeControl "90min/40moves + 30sec/move"]
[WhiteTitle "-"]
[BlackTitle "-"]
[WhiteFideId "40105423"]
[BlackFideId "1097326"]
[WhiteElo "1881"]
[BlackElo "1749"]

1. e4 c5 2. Nf3 a6 3. c3 d5 4. exd5 Qxd5 5. d4 e6 6. Be3 cxd4 7. cxd4 Nf6 8. Nc3 Qd8 9. Bd3 Nc6 10.
a3 b5 11. O-O Bb7 12. Re1 h6 13. Qe2 Be7 14. Rad1 b4 15. Ne4 Nd5 16. Ne5 Nxe5 17. dxe5 bxa3 18. Qg4 g6 19. Bc5 Bxc5 20.
Nxc5 Qe7 21. Nxb7 Qxb7 22. bxa3 h5 23. Qg5 Qe7 24. Qc1 O-O 25. Qh6 Rfe8 26. Be4 Rad8 27. Rd3 Qf8 28. Qg5 Qe7 29.
Qh6 Qf8 30. Qxf8+ Kxf8 31. Red1 Rb8 32. Bxd5 exd5 33. Rxd5 Rb5 34. Rxb5 axb5 35. Rd5 Ra8 36. Rd3 b4 37. a4 Rxa4 38.
Kf1 Ra1+ 39. Ke2 Ra2+ 40. Ke3 Rb2 41. Rd8+ Ke7 42. Rb8 b3 43. g3 Rb1 44. f4 b2 45. Kd2 Rh1 1/2-1/2

[Event "NJSK 2026 Jeugd C"]
[Site "Helmond, Netherlands"]
[Date "2026.04.27"]
[Round "4.1"]
[White "Guillaumond, Matthieu"]
[Black "Pathak, Raghav"]
[Result "1-0"]
[TimeControl "90min/40moves + 30sec/move"]
[WhiteTitle "-"]
[BlackTitle "-"]
[WhiteFideId "1097091"]
[BlackFideId "1084259"]
[WhiteElo "2104"]
[BlackElo "2091"]

1. e4 c6 2. Nc3 d5 3. Nf3 dxe4 4. Nxe4 Nf6 5. Qe2 Nxe4 6. Qxe4 Qa5 7. b4 Qf5 8. Qe3 Qe6 9. Bb2 Qxe3+ 10. fxe3 Bf5 11. Nd4 Bg6 12. Bc4 e5 13. Nf3 f6 14. c3 Nd7 15. b5 Nb6 16. Be2 Na4 17. O-O-O a6 18. bxc6 bxc6 19.
Nh4 Bf7 20. c4 Nxb2 21. Kxb2 g6 22. Kc2 e4 23. Rb1 f5 24. Rb7 Bg7 25. Rhb1 O-O 26. R1b6 Rfc8 27. g4 Bf6 28. Ng2 Be5 29.
gxf5 gxf5 30. Nh4 Be6 31. Re7 Re8 32. Rxe8+ Rxe8 33. Rxc6 Bxh2 34. c5 Bd7 35. Bc4+ Kh8 36. Rxa6 Rc8 37.
Ra5 Bg3 38. Ng2 Be5 39. Nf4 Bc7 40. Ra7 Bxf4 41. Rxd7 Rxc5 42. Kb3 Bg5 43. Rf7 Re5 44. Kc3 Bh6 45. Kd4 Ra5 46. Be6 Bg7+ 47.
Kc4 Rxa2 48. Rd7 Rc2+ 49. Kb3 Rb2+ 50. Ka4 Rb8 51. Bxf5 Re8 52. Kb4 Kg8 53. Kb3 Re5 54. Rd5 Re8 55.
Rc5 Rb8+ 56. Kc2 Rb2+ 57. Kd1 Rb8 58. Bxe4 Rd8 59.
Ke2 Kh8 60. Rc4 Re8 61. Bc2 Bf6 62. d4 Rd8 63. Bf5 h5 64. Kd3 h4 65. e4 Kg7 66. Ke3 Ra8 67. Rc7+ Kf8 68. e5 Be7 69.
Ke4 Ra3 70. Rc6 Ra1 71. Rh6 Ra4 72. Rh8+ Kg7 73. Rh7+ Kf8 74. Bd7 Ra1 75. Kf5 Rg1 76. d5 Rg5+ 77. Kf4 Rg7 78. Rh8+ Rg8 79.
Rxg8+ Kxg8 80. d6 Bd8 81. Bh3 Kf7 82. Kf5 Kf8 83. Ke6 Ke8 84. Kd5 Bg5 85. Kc6 Kd8 86. e6 Bf6 87. Kd5 Bg5 88. Ke5 Ke8 89. Kf5 Bd8 90.
Kg6 Kf8 91. Bg2 Ke8 92. Kg7 Bg5 93. Bc6+ Kd8 94. Kf7 h3 95. e7+ Bxe7 96. dxe7+ Kc7 97. e8=Q h2 98. Qe5+ Kxc6 99. Qxh2 Kd5 100.
Qf4 Kc5 101. Ke6 1-0

[Event "NJSK 2026 Jeugd C"]
[Site "Helmond, Netherlands"]
[Date "2026.04.27"]
[Round "4.2"]
[White "Koppenens, Oscar"]
[Black "Thijssen, Freek"]
[Result "1/2-1/2"]
[TimeControl "90min/40moves + 30sec/move"]
[WhiteTitle "-"]
[BlackTitle "-"]
[WhiteFideId "1087940"]
[BlackFideId "1091840"]
[WhiteElo "2036"]
[BlackElo "2159"]

1. e4 c5 2. Nf3 Nc6 3. Nc3 g6 4. d4 cxd4 5. Nxd4 Bg7 6. Be3 Nf6 7. Nxc6 dxc6 8. Qxd8+ Kxd8 9. O-O-O+ Ke8 10.
f3 Be6 11. a4 Nd7 12. Ne2 Bc4 13. b3 Ba6 14. Rd2 e6 15. Nf4 Bxf1 16. Rxf1 Ke7 17. Rfd1 Rhd8 18. c4 c5 19. Ne2 h6 20.
Bf4 Ne5 21. Kc2 1/2-1/2

[Event "NJSK 2026 Jeugd C"]
[Site "Helmond, Netherlands"]
[Date "2026.04.27"]
[Round "4.3"]
[White "Zhang, Xiheng"]
[Black "Teianu, Sabin"]
[Result "0-1"]
[TimeControl "90min/40moves + 30sec/move"]
[WhiteTitle "-"]
[BlackTitle "-"]
[WhiteFideId "40102386"]
[BlackFideId "1095846"]
[WhiteElo "2135"]
[BlackElo "2131"]

1. e4 e6 2. d4 d5 3. e5 c5 4.
c3 Nc6 5. Nf3 Qb6 6. Na3 cxd4 7. cxd4 Bb4+ 8. Bd2 Nge7 9. Nc2 Bxd2+ 10. Qxd2 Qxb2 11. Bd3 Qb6 12. O-O h6 13. Rab1 Qa5 14.
Qe2 O-O 15. Rfc1 Rb8 16. Na1 Qc7 17. Nb3 b6 18. Rc3 Bb7 19. Rbc1 Rbc8 20. h4 Qb8 21. Bb1 Rc7 22. Qd3 Rfc8 23.
a3 Ng6 24. h5 Nf8 25. g4 Ne7 26. g5 Ba6 27. Qe3 Rxc3 28. Rxc3 Rxc3 29. Qxc3 hxg5 30. Nxg5 f6 31. exf6 gxf6 32.
Nh3 Be2 33. h6 Bg4 34. Qe3 Bf5 35. Bxf5 Nxf5 36. Qf3 Ng6 37. Qe2 Qc8 38. Qg4 Kh7 39. Nd2 Qc1+ 40. Nf1 Qxh6 41. Ng3 Qh4 42.
Qxh4+ Ngxh4 43. Nh5 Kg6 44. N5f4+ Kf7 45. Ne2 Nf3+ 46. Kf1 N3xd4 47. Nc3 Nd6 48. Nf4 b5 49. Nd3 Nc2 50. a4 b4 51.
Ne2 b3 52. Nec1 Nd4 53. Nb2 Nc4 54. Ncd3 e5 55. Ke1 e4 56. Nxc4 dxc4 57. Nb2 c3 58. Nc4 b2 59. Nd6+ Kg8 60.
Nxe4 b1=Q# 0-1

[Event "NJSK 2026 Jeugd C"]
[Site "Helmond, Netherlands"]
[Date "2026.04.27"]
[Round "4.4"]
[White "Sosef, Noah"]
[Black "Uitermark, Imre"]
[Result "1/2-1/2"]
[TimeControl "90min/40moves + 30sec/move"]
[WhiteTitle "-"]
[BlackTitle "-"]
[WhiteFideId "40107060"]
[BlackFideId "40105199"]
[WhiteElo "2012"]
[BlackElo "1957"]

1. e4 c5 2. Nf3 Nc6 3. d4 cxd4 4.
Nxd4 Nf6 5. Nc3 e5 6. Ndb5 d6 7. Bg5 a6 8. Na3 b5 9. Nd5 Be7 10. Bxf6 Bxf6 11. c3 Rb8 12. Nc2 Bg5 13.
a4 bxa4 14. Ncb4 Nxb4 15. Nxb4 Bb7 16. Qxa4+ Kf8 17. Bd3 g6 18. O-O Kg7 1/2-1/2

[Event "NJSK 2026 Jeugd C"]
[Site "Helmond, Netherlands"]
[Date "2026.04.27"]
[Round "4.5"]
[White "Nadrshin, Oleg"]
[Black "Blok, Lukas"]
[Result "0-1"]
[TimeControl "90min/40moves + 30sec/move"]
[WhiteTitle "-"]
[BlackTitle "-"]
[WhiteFideId "40111873"]
[BlackFideId "40110494"]
[WhiteElo "1894"]
[BlackElo "1991"]

1. e4 d6 2. d4 Nf6 3. Nc3 g6 4. f4 Bg7 5. Nf3 c5 6. Be3 Qa5 7. Qd2 cxd4 8. Bxd4 O-O 9. Bxf6 Bxf6 10.
Nd5 Qxd2+ 11. Kxd2 Nd7 12. Nxf6+ Nxf6 13. Bd3 b5 14. Rhe1 Rb8 15. e5 Nd5 16. exd6 e6 17. g3 Rb6 18.
Nd4 a6 19. Be4 Rxd6 20. Bxd5 Rxd5 21. c3 f6 22. Kc1 Rfd8 23. Nf3 e5 24. fxe5 Bg4 0-1

[Event "NJSK 2026 Jeugd C"]
[Site "Helmond, Netherlands"]
[Date "2026.04.27"]
[Round "4.6"]
[White "Huang, Vincent"]
[Black "Botter, Simon"]
[Result "1-0"]
[TimeControl "90min/40moves + 30sec/move"]
[WhiteTitle "-"]
[BlackTitle "-"]
[WhiteFideId "40104184"]
[BlackFideId "40107698"]
[WhiteElo "1855"]
[BlackElo "1988"]

1. d4 Nf6 2. c4 g6 3. Nc3 Bg7 4. e4 d6 5. Nf3 O-O 6. Be2 Nbd7 7. O-O e5 8. d5 Nc5 9. Qc2 a5 10.
Be3 b6 11. Nd2 Ne8 12. Kh1 f5 13. f3 f4 14. Bf2 g5 15. a3 h5 16. b4 Nb7 17. c5 bxc5 18. bxc5 dxc5 19. Na4 g4 20.
g3 fxg3 21. Bxg3 h4 22. Bf2 g3 23. hxg3 hxg3 24. Bxg3 Bh6 25. Rg1 Kf7 26. Nc4 Bf4 27. Bxf4 Rh8+ 28. Kg2 exf4 29. Ne5+ Kf6 30.
Nc6 1-0

[Event "NJSK 2026 Jeugd C"]
[Site "Helmond, Netherlands"]
[Date "2026.04.27"]
[Round "4.7"]
[White "Okita, Ryoga"]
[Black "Lenting, Roan"]
[Result "0-1"]
[TimeControl "90min/40moves + 30sec/move"]
[WhiteTitle "-"]
[BlackTitle "-"]
[WhiteFideId "1090666"]
[BlackFideId "1085905"]
[WhiteElo "1812"]
[BlackElo "1986"]

1. e4 c5 2. Nc3 Nc6 3. f4 g6 4. Nf3 Bg7 5. Bb5 Nd4 6. O-O e6 7. d3 Ne7 8. e5 a6 9. Bc4 d5 10.
exd6 Qxd6 11. Be3 O-O 12. Ne4 Qc7 13. Bxd4 cxd4 14. Nh4 b5 15. Bb3 Bb7 16. Qe1 Nf5 17. Rc1 Qb6 18. Nxf5 exf5 19. Ng5 Qc6 20. Qg3 Qd6 21.
Rfe1 Bd5 22. Re2 Rfe8 23. Rce1 Rxe2 24. Rxe2 h6 25. Nf3 Bxb3 26. axb3 a5 27. Ne5 Qd5 28. Qf3 Qxf3 29. Nxf3 Bf6 30.
Nd2 a4 31. bxa4 Rxa4 32. b3 Ra2 33. Nf3 g5 34. fxg5 hxg5 35. Kf2 Kg7 36. h3 Kg6 37. Ne1 g4 38. hxg4 fxg4 39. Kg3 Kh5 40. Kf4 Ra6 41. Re8 Bg5+ 42.
Ke4 Bd2 43. Kf5 Re6 44. Rxe6 fxe6+ 45. Kxe6 Bxe1 46. Kd5 Kh4 47. Ke4 Kg3 48. Kf5 Bd2 49. b4 Bxb4 50. Ke4 Kxg2 51. Kxd4 Kf2 52.
c4 bxc4 53. dxc4 g3 54. c5 Bxc5+ 55. Kd3 Bd4 56. Ke4 g2 57. Kd3 g1=Q 58. Kc2 Ke2 59. Kb3 Qc1 60. Ka4 Qc4+ 61. Ka5 Qb3 0-1

[Event "NJSK 2026 Jeugd C"]
[Site "Helmond, Netherlands"]
[Date "2026.04.27"]
[Round "4.8"]
[White "Leenen, Boyd"]
[Black "Zhou, Yanyang"]
[Result "1-0"]
[TimeControl "90min/40moves + 30sec/move"]
[WhiteTitle "-"]
[BlackTitle "-"]
[WhiteFideId "1083937"]
[BlackFideId "40109739"]
[WhiteElo "2205"]
[BlackElo "1860"]

1. d4 Nf6 2. c4 e6 3. Nf3 d5 4. Nc3 c6 5. Bg5 Be7 6. e3 Nbd7 7. cxd5 exd5 8. Bd3 h6 9. Bh4 O-O 10.
O-O Ne8 11. Bg3 Bd6 12. Bxd6 Nxd6 13. b4 b5 14. a4 Ba6 15. axb5 Bxb5 16. Bxb5 Nxb5 17. Nxb5 cxb5 18. Ra6 Nb8 19.
Ra3 a5 20. bxa5 Rxa5 21. Rxa5 Qxa5 22. Qb3 b4 23. Rc1 Qa3 24. Qxa3 bxa3 25. Kf1 Nd7 26. Ra1 Ra8 27. Ke2 Nb6 28.
Nd2 Nc4 29. Nxc4 dxc4 30. Kd2 f5 31. Kc2 Kf7 32. Rb1 a2 33. Ra1 f4 34. Kc3 fxe3 35. fxe3 Ra4 36. e4 Ra3+ 37. Kxc4 Re3 38. Rxa2 Rxe4 39. Kd5 Re7 40.
Kc6 Re6+ 41. Kc5 Ke7 42. g3 Re1 43. Kd5 Rc1 44. Re2+ Kd7 45. Re6 Rc2 46. h4 Rc3 47. Rg6 Ke7 48.
Rxg7+ Kf6 49. Rg4 Kf5 50. Rf4 Kg6 51. g4 Rh3 52. h5+ Kg5 53. Re4 Rg3 54. Ke5 Ra3 55. d5 Ra8 56. d6 Re8+ 57.
Kd5 Rc8 58. d7 1-0

[Event "NJSK 2026 Jeugd C"]
[Site "Helmond, Netherlands"]
[Date "2026.04.27"]
[Round "4.9"]
[White "Ngangbam, Chingthang"]
[Black "Gupta, Akul"]
[Result "0-1"]
[TimeControl "90min/40moves + 30sec/move"]
[WhiteTitle "-"]
[BlackTitle "-"]
[WhiteFideId "1086510"]
[BlackFideId "1084194"]
[WhiteElo "1937"]
[BlackElo "2017"]

1. e4 c5 2. Nf3 e6 3. d4 cxd4 4. Nxd4 Nf6 5. Nc3 Nc6 6. Ndb5 Bc5 7. Bf4 O-O 8. Bc7 Qe7 9. Bd6 Bxd6 10.
Qxd6 Qd8 11. O-O-O a6 12. Nd4 Ne8 13. Qg3 Qc7 14.
f4 d6 15. Nf3 b5 16. Bd3 Nb4 17. e5 Nxd3+ 18. Rxd3 b4 19. Ne4 dxe5 20. fxe5 Bb7 21. Qg4 Rc8 22. Rd2 Qc4 23. Nf6+ Nxf6 24.
Qxc4 Rxc4 25. exf6 gxf6 26. Rf1 Be4 27. Nd4 Rd8 28. Rfd1 Rdc8 29. Re1 Bg6 30. Rf1 Rd8 31. Rfd1 e5 32.
Nf5 Rxd2 33. Ne7+ Kf8 34. Nxg6+ fxg6 35. Rxd2 Ke7 36. Rd3 Rf4 37. g3 Rf1+ 38. Kd2 Rf2+ 39. Ke3 Rxc2 40. Rb3 a5 41.
h4 Rc4 42. a3 Ke6 43. Rd3 bxa3 44. Rxa3 a4 45. Rd3 Rb4 46. Rd2 Rb3+ 47. Kf2 h5 48. Kg2 Kf5 49. Rf2+ Kg4 50. Rxf6 Rxb2+ 51. Kg1 a3 52. Rxg6+ Kh3 53. Ra6 a2 0-1